 Dungeon Crawl Stone Soup version 0.28.0-43-g3370ac3207 (webtiles) character file.

Game seed: 1852482248420343498

46 tizbic2 the Ducker (level 3, 0/29 HPs)
             Began as a Djinni Gladiator on Mar 5, 2022.
             Slain by a gnoll
             ... wielding a +0 flail
              (8 damage)
             ... on level 2 of the Dungeon.
             The game lasted 00:05:18 (998 turns).

tizbic2 the Ducker (Djinni Gladiator)                Turns: 998, Time: 00:05:19

Health: 0/29       AC:  4    Str: 13    XL:     3   Next: 95%
Gold:   64         EV: 12    Int: 11    God:
                   SH:  0    Dex: 14

rFire   + + .      SeeInvis .   a - +0 long sword
rCold   x . .      Faith    .   (no shield)
rNeg    . . .      Spirit   .   b - +0 leather armour
rPois   ∞          Reflect  .   c - +0 helmet
rElec   .          Harm     .   (no cloak)
rCorr   .          Rampage  .   (no gloves)
Will    .....                   (boots unavailable)
Stlth   +.........              (no amulet)
HPRegen 0.09/turn               (no ring)
MPRegen 0.00/turn               (no ring)

@: flying
A: sickness immunity, fire resistance 2, cold vulnerability 1, float, innate
caster, HP casting, extra vitality 1
a: no special abilities


You were on level 2 of the Dungeon.
You visited 1 branch of the dungeon, and saw 2 of its levels.

You collected 64 gold pieces.

Inventory:

Hand Weapons
 a - a +0 long sword (weapon)
Missiles
 d - 3 throwing nets
 n - 3 stones
Armour
 b - a +0 leather armour (worn)
 c - a +0 helmet (worn)
 k - a +0 scale mail
Scrolls
 f - a scroll of teleportation {unknown}
 h - a scroll of fear {unknown}
 j - a scroll of amnesia {unknown}
 l - a scroll of identify {unknown}
 o - a scroll of summoning {unknown}
Potions
 g - a potion of lignification {unknown}
 i - a potion of resistance {unknown}
 m - a potion of degeneration {unknown}


   Skills:
 * Level 2.7 Fighting
 + Level 3.0 Long Blades
 - Level 1.8 Throwing
 + Level 3.7 Dodging
 + Level 0.7 Unarmed Combat


You had one spell level left.
You knew the following spells:

 Your Spells              Type           Power      Damage    Failure   Level
a - Sandblast             Erth           0%         2d4       41%         1
Your spell library was empty.

Dungeon Overview and Level Annotations

Branches:
Dungeon (2/15)

Altars:

Shops:
D:1 =


Innate Abilities, Weirdness & Mutations

You are immune to sickness and miasma.
You are immune to poison.
Your flesh is very heat resistant. (rF++)
You are vulnerable to cold. (rC-)
You float through the air rather than walking.
You learn spells naturally, not from books.
Your magical power is your life essence.
You have superior vitality. (+4 MHP)


Message History

* * * LOW HITPOINT WARNING * * *
You fly upwards.
There is a stone staircase leading down here.
It was a potion of heal wounds.
You feel much better. The gnoll hits you with a +0 flail!
You barely miss the gnoll.
The gnoll is moderately wounded.
The gnoll hits you with a +0 flail.
You slash the gnoll!
The gnoll is almost dead.
The gnoll hits you but does no damage.
You slash the gnoll!
You kill the gnoll!
You start resting.
HP restored.
You fly downwards.
The gnoll closely misses you. The gnoll hits you with a +0 flail!
There is a stone staircase leading up here.
The gnoll hits you but does no damage.
You hit the gnoll.
The gnoll is lightly wounded.
The gnoll hits you with a +0 club.
You barely miss the gnoll.
The gnoll is lightly wounded.
The gnoll hits you with a +0 club.
You closely miss the gnoll. The gnoll barely misses you.
You barely miss the gnoll. The gnoll hits you with a +0 flail.
You barely miss the gnoll. The gnoll barely misses you.
You hit the gnoll.
The gnoll is heavily wounded.
The gnoll hits you but does no damage.
You barely miss the gnoll.
The gnoll is heavily wounded.
The gnoll hits you with a +0 flail.
* * * LOW HITPOINT WARNING * * *
The gnoll misses you.
You hit the gnoll but do no damage.
The gnoll is heavily wounded.
The gnoll hits you with a +0 flail!
You die...

... .... ##.... ....#
#.... ##..# .## #g.#
..## #g#...# . ..# #@#
..# ... #.# #.# ..#
#..####.####g# .## #
#........#..##.####
..#.########............
#........#.....#....####
##....................#
#.....................#
#..............†.<....#


You could see 3 gnolls.

Vanquished Creatures
  A gnoll (D:1)
  An adder (D:2)
  A dart slug (D:1)
  5 bats (D:1)
  3 endoplasms (D:1)
  A giant cockroach (D:1)
  3 goblins (D:1)
  2 hobgoblins
  2 kobolds (D:1)
  2 ball pythons
  A frilled lizard (D:1)
  2 rats (D:1)
24 creatures vanquished.

Vanquished Creatures (others)
  4 fungi (D:1)
  7 plants (D:1)
11 creatures vanquished.

Grand Total: 35 creatures vanquished

Notes
Turn   | Place    | Note
-------+----------+-------------------------------------------
     0 | D:1      | tizbic2 the Djinni Gladiator began the quest for the Orb.
     0 | D:1      | Reached XP level 1. HP: 18/18 MP: 0/0
    36 | D:1      | Found a faded altar of an unknown god.
    59 | D:1      | Reached XP level 2. HP: 21/23 MP: 0/0
   509 | D:1      | Found Filal's Jewellery Boutique.
   518 | D:1      | Reached XP level 3. HP: 27/29 MP: 0/0
   518 | D:1      | Learned a level 1 spell: Sandblast
   998 | D:2      | Slain by a gnoll

Illustrated notes

Levels and vault maps discovered:
D:1:      shiori_arrival_elements, layout_loops_ring,
          shapermc_ecumenical_altar_mp_ritualfount, serial_shops, shop
D:2:      layout_rooms

Skill      XL: |  1  2  3 |
---------------+----------+-----
Long Blades    | 3 |  3.0
Fighting       | |  2.7
Throwing       | |  1.8
Dodging        | |  3.7
Unarmed Combat | |  0.7

Action                   || total
-------------------------++-------
Melee: Long sword        ||    78
 Cast: Sandblast         ||     3
  Use: Potion            ||     1
Armor: Leather armour    ||    17
       Scale mail        ||    20
Dodge: Dodged            ||    45
